AoeStats
← GreatPerson25

Arabia

507546627Analyzed
1v1 RM · 13d ago on Sep 18, 2026· 75m 38s· 2 players
Game mode
Random Map
Map size
Tiny (2 player)
Population
200
Speed
Normal
Resources
Standard
Victory
Conquest
Starting age
Dark Age
Ending age
Imperial Age
RankedLock teamsTeams togetherTeam positionsShared explorationLock speedFull tech treeHidden civsTurbo modeCheats
Victory
Defeat
🇺🇸 Mongols · United States
1629
+19
🇨🇳 Berbers · China
1701
-19
Joeodessa
5:34 Loom
8:52 Feudal Age
9:44 Double-Bit Axe
10:54 Horse Collar
19:28 Castle Age
18:37 Fletching
19:48 Padded Archer Armor
22:52 Bodkin Arrow
23:49 Bloodlines
25:42 Bow Saw
26:55 Leather Archer Armor
28:36 Wheelbarrow
29:19 Ballistics
34:08 Imperial Age
33:43 Town Watch
34:18 Heavy Plow
34:51 Bracer
36:32 Chemistry
39:04 Ring Archer Armor
40:24 Conscription
41:30 Stone Mining
42:14 Thumb Ring
42:46 Elite Genitour
44:00 Scale Barding Armor
44:06 Forging
44:28 Husbandry
44:16 Light Cavalry
44:22 Heavy Camel Rider
46:37 Chain Barding Armor
48:33 Plate Barding Armor
50:03 Iron Casting
50:09 Crop Rotation
49:20 Light Cavalry
52:18 Blast Furnace
51:56 Hand Cart
53:46 Maghrebi Camels
57:19 Elite Camel Archer
61:46 Hussar
62:41 Siege Engineers
GreatPerson25
5:47 Loom
8:21 Feudal Age
9:30 Double-Bit Axe
15:29 Fletching
16:09 Horse Collar
20:48 Castle Age
20:52 Crossbowman
21:32 Bodkin Arrow
22:07 Gold Mining
22:33 Bow Saw
29:26 Heavy Plow
30:05 Wheelbarrow
31:47 Bloodlines
32:41 Town Watch
36:51 Imperial Age
34:53 Bloodlines
35:43 Ballistics
35:40 Hand Cart
36:53 Arbalester
37:34 Bracer
37:51 Scale Mail Armor
38:51 Masonry
40:49 Chemistry
40:16 Scale Barding Armor
40:41 Sappers
42:20 Chain Barding Armor
41:56 Light Cavalry
46:32 Forging
48:00 Heavy Camel Rider
49:41 Husbandry
50:18 Iron Casting
49:44 Capped Ram
52:01 Conscription
52:52 Fortified Wall
52:48 Siege Engineers
54:28 Elite Mangudai
56:12 Blast Furnace
54:54 Hussar
58:06 Siege Ram
59:39 Parthian Tactics
59:20 Thumb Ring
59:07 Elite Skirmisher
61:57 Padded Archer Armor
63:30 Leather Archer Armor
Connection lost

Rejoining the realm…

Still unreachable

The connection could not be restored.

Session expired

The server has moved on; the page needs a fresh start.